 Dungeon Crawl Stone Soup version 0.30.1-8-g117510f58f (webtiles) character file.

Game seed: 7272484521726524568

3963 Ivernyr the Nimble (level 10, -23/52 HPs)
             Began as a Spriggan Gladiator on Sept 23, 2023.
             Was a Priest of Wu Jian.
             Killed by the air
             ... invoked by Gastronok
              (32 damage)
             ... on level 8 of the Dungeon.
             The game lasted 00:21:35 (9857 turns).

Ivernyr the Nimble (Spriggan Gladiator)             Turns: 9857, Time: 00:21:36

Health: -23/52     AC:  2    Str: 10    XL:     10   Next: 2%
Magic:  11/11      EV: 28    Int: 10    God:    Wu Jian [***...]
Gold:   381        SH:  0    Dex: 27    Spells: 9/9 levels left

rFire   . . .        x - +0 scimitar
rCold   . . .        (no shield)
rNeg    . . .        b - +0 robe
rPois   .            c - +0 hat
rElec   .            (no cloak)
rCorr   .            (gloves unavailable)
SInv    +            (boots unavailable)
Will    +....        (no amulet)
Stlth   ++           o - +6 ring of dexterity
HPRegen 0.28/turn    (no ring)
MPRegen 0.12/turn

%: no passive effects
@: very quick
A: very small, no large weapons, unfitting armour, see invisible, speed 3
a: Renounce Religion, Wall Jump, Serpent's Lash


You were on level 8 of the Dungeon.
You worshipped Wu Jian.
Wu Jian was most pleased with you.
You visited 2 branches of the dungeon, and saw 9 of its levels.
You also visited: Ossuary.

You collected 381 gold pieces.

Inventory:

Hand Weapons
 x - a +0 scimitar (weapon)
Missiles
 d - 3 throwing nets (quivered)
 e - 2 boomerangs
Armour
 b - a +0 robe (worn)
 c - a +0 hat (worn)
Jewellery
 a - a ring of flight
 o - a +6 ring of dexterity (left hand)
Wands
 k - a wand of iceblast (21)
Scrolls
 f - 4 scrolls of fear {unknown}
 h - 4 scrolls of enchant weapon {unknown}
 i - 7 scrolls of identify {unknown}
 j - 6 scrolls of teleportation {unknown}
 l - a scroll of brand weapon {unknown}
 q - 2 scrolls of vulnerability {unknown}
 r - 2 scrolls of noise {unknown}
 s - 4 scrolls of blinking {unknown}
 u - a scroll of butterflies {unknown}
 v - a scroll of enchant armour {unknown}
 w - 2 scrolls of magic mapping {unknown}
 y - a scroll of poison {unknown}
 C - a scroll of silence {unknown}
 D - a scroll of immolation {unknown}
 F - a scroll of acquirement {unknown}
Potions
 g - a potion of flight {unknown}
 m - 2 potions of degeneration {unknown}
 n - 3 potions of cancellation {unknown}
 p - 3 potions of brilliance {unknown}
 t - a potion of attraction {unknown}
 z - 3 potions of mutation {unknown}
 A - a potion of resistance {unknown}
 B - 4 potions of might {unknown}
 E - a potion of lignification {unknown}
 G - a potion of heal wounds {unknown}
 H - a potion of invisibility {unknown}


   Skills:
 + Level 5.6 Fighting
 * Level 8.1 Long Blades
 - Level 2.0 Throwing
 + Level 4.6 Armour
 + Level 9.3 Dodging


You had 9 spell levels left.
You didn't know any spells.
Your spell library contained the following spells:

 Spells                   Type           Power      Damage    Failure   Level
 Magic Dart               Conj           0%         1d3       36%         1
 Call Imp                 Summ           0%         N/A       50%         2
 Cigotuvi's Dreadful Rot  Necr/Pois/Air  0%         N/A       50%         2
 Ensorcelled Hibernation  Hex/Ice        0%         N/A       50%         2
 Mephitic Cloud           Conj/Pois/Air  0%         N/A       75%         3
 Spider Form              Tmut/Pois      0%         N/A       75%         3
 Anguish                  Hex/Necr       0%         N/A       98%         4
 Dispel Undead            Necr           0%         3d6       98%         4
 Death Channel            Necr           0%         N/A       100%        6


Dungeon Overview and Level Annotations

Branches:
Dungeon (8/15)             Temple (1/1) D:6         Ossuary (visited)
   Lair: D:8-11

Altars:
Ashenzari
Cheibriados
Dithmenos
Fedhas
Gozag
Kikubaaqudgha
Makhleb
Nemelex Xobeh
Okawaru
Ru
Sif Muna
Trog
Uskayaw
Vehumet
Wu Jian
Xom
Yredelemnul
Zin
The Shining One

Annotations:
D:8 Gastronok


Innate Abilities, Weirdness & Mutations

You are very small and have problems with some larger weapons.
You are too small for most types of armour.
You have supernaturally acute eyesight. (SInv)
You cover ground extremely quickly. (Speed+++)


Message History

An orc wizard comes into view. It is wielding a +0 dagger.
Gastronok waves his eye-stalks in wide circles.
The air twists around and strikes you!
You closely miss the orc. The orc barely misses you.
You hit the orc.
The orc is heavily wounded.
You barely miss the orc.
The orc is heavily wounded.
An orc comes into view. It is wielding a +0 dagger.
The orc completely misses you.
The orc shouts!
You hit the orc.
You kill the orc!
The Council accepts your kill. The orc wizard completely misses you.
You slash the orc wizard!
The orc wizard is almost dead.
The orc wizard completely misses you.
You slash the orc wizard!
You kill the orc wizard!
The Council accepts your kill.
You lunge at Gastronok, but your attack speed is too slow for a blow to land.
Things that are here:
a +0 dagger; a +0 robe; an orc corpse You slash Gastronok!
Gastronok is lightly wounded.
Gastronok waves his eye-stalks in wide circles.
The air twists around and strikes you!
You slash Gastronok!
Gastronok is lightly wounded.
You hit Gastronok but do no damage.
Gastronok is lightly wounded.
Gastronok bites you!
* * * LOW HITPOINT WARNING * * *
Things that are here:
a +0 club; a +0 leather armour; an orc corpse Gastronok waves his eye-stalks in wide circles.
The air twists around and strikes you!!
Ouch! That really hurt!
You die...

........... ###+###+..+.#
.. #..#####...
.......#..### .. ##..#
##. .......#..# ##..#
####+###+###'### #..#
#............# ##.#
.^#####...........## #..
......w.###.......###
##.#
........###.........##
#..##
#....##.@.........###..##
#...##).................
..
#...w)..................
...
#.....###..########.....#
##. #.......# ##..#
###...## #......## ##.#
###......# ##.#!#.# #.#
#..###.##. ##..#.#
#..#### ##### ###..# .##
#.


You could see Gastronok.

Vanquished Creatures
  Joseph (D:8)
  An unseen horror (D:8)
  Sigmund (D:4)
  A water moccasin (D:4)
  Menkaure (Ossuary)
  2 orc warriors
  An ice beast (D:7)
  A black bear (D:4)
  2 ogres
  A centaur (D:7)
  A phantom (D:5)
  2 scorpions
  5 bullfrogs
  13 wights
  7 killer bees
  4 hounds (D:5)
  2 orc priests
  A gnoll bouda (D:4)
  3 jellies
  3 iguanas
  6 orc wizards
  3 mummies (Ossuary)
  7 adders
  8 gnolls
  A shadow imp (D:5)
  5 white imps
  3 worms
  22 orcs
  7 bats
  4 endoplasms
  3 giant cockroaches
  4 gnoll zombies (Ossuary)
  11 goblins
  5 hobgoblins
  3 jackals (D:1)
  7 kobolds
  4 quokkas
  10 ball pythons
  3 frilled lizards
  3 gnoll skeletons (Ossuary)
  6 goblin skeletons (Ossuary)
  A goblin zombie (Ossuary)
  5 hobgoblin skeletons (Ossuary)
  6 hobgoblin zombies (Ossuary)
  5 kobold skeletons (Ossuary)
  3 kobold zombies (Ossuary)
  3 orc skeletons (Ossuary)
  6 orc zombies (Ossuary)
  A quokka zombie (D:8)
  5 rats
  3 rat skeletons (Ossuary)
  6 rat zombies
222 creatures vanquished.

Notes
Turn   | Place    | Note
-------+----------+-------------------------------------------
     0 | D:1      | Ivernyr the Spriggan Gladiator began the quest for the Orb.
     0 | D:1      | Reached XP level 1. HP: 10/10 MP: 2/2
   116 | D:1      | Reached XP level 2. HP: 6/15 MP: 3/3
  1081 | D:2      | Reached XP level 3. HP: 18/18 MP: 4/4
  1230 | D:2      | You fall into a shaft and drop 2 floors!
  1259 | D:4      | Found a snail-covered altar of Cheibriados.
  1288 | D:4      | Noticed Sigmund
  1386 | D:4      | Noticed a black bear
  1543 | D:3      | Identified the +6 chain mail of Compassion {Harm}
  1645 | D:3      | Found a faded altar of an unknown god.
  1648 | D:3      | Found an ancient bone altar of Kikubaaqudgha.
  1857 | D:2      | Reached XP level 4. HP: 23/23 MP: 5/5
  1890 | D:2      | Reached skill level 1 in Armour
  2655 | D:3      | Reached XP level 5. HP: 27/27 MP: 6/6
  2798 | D:3      | Reached skill level 5 in Dodging
  3146 | D:3      | Found a sacrificial altar of Ru.
  3209 | D:3      | Identified the +0 war axe of Spite {flame, rElec rC+ Str+3
                  | Int+3}
  3332 | D:4      | Found a broken altar of Ashenzari.
  3566 | D:4      | Killed a black bear
  3567 | D:4      | Reached XP level 6. HP: 21/32 MP: 7/7
  3819 | D:4      | Killed Sigmund
  3913 | D:5      | Entered Level 5 of the Dungeon
  3923 | D:5      | Reached XP level 7. HP: 28/36 MP: 8/8
  4053 | D:4      | Reached skill level 6 in Dodging
  4519 | D:5      | Reached skill level 5 in Long Blades
  4828 | D:5      | Found a sparkling altar of Nemelex Xobeh.
  4911 | D:5      | Reached XP level 8. HP: 26/42 MP: 9/9
  4979 | D:5      | Found a glowing silver altar of Zin.
  5015 | D:5      | Found a shadowy altar of Dithmenos.
  5517 | D:5      | Reached skill level 7 in Dodging
  5608 | D:6      | Found a bloodstained altar of Trog.
  6379 | D:6      | Found a staircase to the Ecumenical Temple.
  6534 | Temple   | Entered the Ecumenical Temple
  6996 | D:6      | Reached XP level 9. HP: 30/44 MP: 10/10
  7144 | D:6      | Found an ornate altar of the Wu Jian Council.
  7474 | D:6      | Became a worshipper of the Wu Jian Council
  7536 | D:7      | Reached skill level 8 in Dodging
  8412 | D:7      | Found a shimmering blue altar of Sif Muna.
  8440 | D:7      | Reached skill level 5 in Fighting
  8847 | D:8      | Noticed Joseph
  8862 | D:8      | Killed Joseph
  8862 | D:8      | Reached * piety under Wu Jian
  9028 | D:8      | Found a sand-covered staircase.
  9035 | Ossuary  | Entered an ossuary
  9057 | Ossuary  | Reached skill level 9 in Dodging
  9151 | Ossuary  | Reached ** piety under Wu Jian
  9273 | Ossuary  | Noticed Menkaure
  9286 | Ossuary  | Killed Menkaure
  9292 | Ossuary  | Reached *** piety under Wu Jian
  9562 | D:8      | Noticed an unseen horror
  9579 | D:8      | Killed an unseen horror
  9616 | D:8      | Found an iron altar of Okawaru.
  9634 | D:8      | Reached XP level 10. HP: 45/52 MP: 11/11
  9837 | D:8      | Noticed Gastronok
  9857 | D:8      | Killed from afar by Gastronok

Illustrated notes

Levels and vault maps discovered:
D:1:      minmay_arrival_four_circles, layout_basic, serial_co_window_serial,
          co_window_of_opportunity_a, co_window_cross_1, co_window_cross_1,
          co_window_paths_b, co_window_paths_a, co_window_unsneaky_path_e,
          co_window_of_opportunity_b, co_window_corner_b,
          co_window_unsneaky_path_a, co_window_unsneaky_path_a,
          co_window_unsneaky_path_c, glass_columns_a, glass_columns_a
D:2:      layout_basic, minmay_tripent
D:3:      layout_loops_ring, lemuel_round_altar, kiku_gazebo_garden_becter,
          shapermc_ecumenical_altar_starsandcircs, corexii_shack,
          corexii_item_surrounded_by_moat, roderic_lattice_a
D:4:      layout_cave_pods, lemuel_round_altar, mainiacjoe_overflow_catwalk,
          uniq_sigmund
D:5:      layout_cave_pools, nemelex_xobeh_ov_fountains_minmay,
          general_overflow_altar, mainiacjoe_overflow_cross_hatched
D:6:      layout_cave_pods, mainiacjoe_overflow_small_starburst,
          nzn_wu_jian_council_hall, minmay_temple_entry_poolview,
          hangedman_decor_riveting, corexii_corridor_pit
D:7:      layout_loops_ring, kennysheep_orc_sif_temple
D:8:      layout_layer_cave, mainiacjoe_overflow_24_doors, enter_ossuary_4,
          minmay_unpleasant_kobolds, uniq_gastronok, uniq_joseph
Temple:   hellmonk_temple_of_storms

Skill      XL: |  1  2  3  4  5  6  7  8  9 |
---------------+----------------------------+-----
Fighting       | 2 3 4 5 |  5.6
Long Blades    | 3 4 5 6 8 |  8.1
Armour         | 1 2 3 4 |  4.6
Dodging        | 5 6 7 9 |  9.3
Throwing       | |  2.0

Action                     |  1- 3 |  4- 6 |  7- 9 | 10-12 || total
---------------------------+-------+-------+-------+-------++-------
  Melee: Long sword        |   121 |   142 |   196 |       ||   459
         Punch             |     1 |       |    13 |       ||    14
         Scimitar          |       |       |   304 |    11 ||   315
Ability: Lunge             |       |       |    24 |       ||    24
         Whirlwind         |       |       |     2 |       ||     2
   Stab: Sleeping          |     4 |       |     4 |       ||     8
         Distracted        |       |     1 |       |       ||     1
 Armour: Robe              |     7 |    19 |    18 |       ||    44
  Dodge: Dodged            |   126 |   148 |   468 |     5 ||   747
